 Dungeon Crawl Stone Soup version 0.31-a0-188-g5e087ee2ca (webtiles) character file.

Game seed: 1447003994639897835

41 qw the Shooter (level 3, 0/20 HPs)
             Began as a Deep Elf Hunter on June 23, 2023.
             Slain by a gnoll
             ... wielding a +0 club
              (4 damage)
             ... on level 2 of the Dungeon.
             The game lasted 00:00:23 (1211 turns).

qw the Shooter (Deep Elf Hunter)                    Turns: 1211, Time: 00:00:23

Health: 0/20       AC:  5    Str: 10    XL:     3   Next: 32%
Magic:  5/5        EV: 11    Int: 13    God:
Gold:   7          SH:  0    Dex: 18    Spells: 2/2 levels left

rFire   . . .        Y - +0 shortbow
rCold   . . .        (shield currently unavailable)
rNeg    . . .        e - +0 ring mail
rPois   .            (no helmet)
rElec   .            (no cloak)
rCorr   .            (no gloves)
SInv    .            (no boots)
Will    .....        (no amulet)
Stlth   +            (no ring)
HPRegen 0.23/turn    (no ring)
MPRegen 0.09/turn

%: no passive effects
@: no status effects
A: no striking features
a: no special abilities


You were on level 2 of the Dungeon.
You visited 1 branch of the dungeon, and saw 2 of its levels.

You collected 62 gold pieces.
You spent 55 gold pieces at shops.


   Skills:
 - Level 1.5 Fighting
 + Level 6.9 Ranged Weapons
 - Level 2.4 Dodging
 - Level 1.2 Stealth


You had 2 spell levels left.
You didn't know any spells.
Your spell library was empty.

Inventory:

Hand Weapons
 Y - a +0 shortbow (weapon)
Armour
 e - a +0 ring mail (worn)
Scrolls
 a - a scroll of fog {unknown}
 c - a scroll of revelation {unknown}
Potions
 f - a potion of invisibility {unknown}
 h - a potion of berserk rage {unknown}

Dungeon Overview and Level Annotations

Branches:
Dungeon (2/15)

Altars:

Shops:
D:2 *


Message History

The arrow hits the gnoll but does no damage.
You shoot an arrow. The arrow hits the gnoll.
The gnoll is moderately wounded.
You shoot an arrow. The arrow hits the gnoll.
The gnoll is severely wounded.
The gnoll barely misses you.
A gnoll comes into view. It is wielding a +0 spear.
You shoot an arrow. The arrow closely misses the gnoll.
The gnoll hits you but does no damage.
You shoot an arrow. The arrow hits the gnoll.
The gnoll is severely wounded.
The gnoll hits you but does no damage.
You shoot an arrow. The arrow hits the gnoll!
You kill the gnoll!
The gnoll hits you but does no damage.
You shoot an arrow. The arrow hits the gnoll.
The gnoll is moderately wounded.
The gnoll hits you with a +0 club!
You shoot an arrow. The arrow closely misses the gnoll.
The arrow barely misses the gnoll.
The arrow hits the gnoll.
The gnoll is lightly wounded.
The gnoll hits you with a +0 club.
You shoot an arrow.
The arrow hits the gnoll but does no damage.
The gnoll is moderately wounded.
You shoot an arrow. The arrow hits the gnoll.
The gnoll is heavily wounded.
The gnoll misses you. The gnoll hits you but does no damage.
The gnoll hits you from afar with a +0 spear.
The gnoll hits you with a +0 club.
1209 ||| DRINKING potion of heal wounds.
You feel much better. The gnoll hits you with a +0 club. x2
The gnoll hits you from afar with a +0 spear.
You shoot an arrow. The arrow closely misses the gnoll.
The gnoll hits you from afar with a +0 spear.
The gnoll barely misses you. The gnoll hits you with a +0 club.
You shoot an arrow. The arrow barely misses the gnoll.
The gnoll hits you with a +0 club.
You die...

.......# #.#
.......###.# #.
.......##..# .#
...........# ..
##.........# .##
...........# ..#
...........# #g#
.#.........#####)######
.#.............g@g%...#
.......................#
........................
........................
........................
.....####...............
...#. #...............
##.. #............... #


You could see 3 gnolls.

Vanquished Creatures
  A gnoll (D:2)
  A worm (D:2)
  2 dart slugs (D:1)
  2 endoplasms
  A giant cockroach (D:1)
  3 goblins
  A hobgoblin (D:1)
  A quokka (D:1)
  5 ball pythons
  A bat (D:1)
  3 frilled lizards
  2 kobolds (D:1)
  A rat (D:1)
24 creatures vanquished.

Notes
Turn   | Place    | Note
-------+----------+-------------------------------------------
     0 | D:1      | qw the Deep Elf Hunter began the quest for the Orb.
     0 | D:1      | Reached XP level 1. HP: 12/12 MP: 3/3
     0 | D:1      | 0 ||| qw: Version: 0.3-a-9-g12657ce
     0 | D:1      | 0 ||| qw: Game counter: 3073
     0 | D:1      | 0 ||| qw: Always use a shield: true
     0 | D:1      | 0 ||| qw: God list: Okawaru
     0 | D:1      | 0 ||| qw: Allow faded altars: false
     0 | D:1      | 0 ||| qw: Do Orc after D:15 true
     0 | D:1      | 0 ||| qw: Do second Lair branch before Depths: true
     0 | D:1      | 0 ||| qw: Lair rune preference: random
     0 | D:1      | 0 ||| qw: Plans: Normal
     0 | D:1      | 0 ||| PLANNING D:1-11
   440 | D:1      | Reached XP level 2. HP: 16/16 MP: 4/4
   444 | D:1      | Reached skill level 6 in Ranged Weapons
  1001 | D:1      | 1001 ||| UPGRADING to +0 ring mail.
  1011 | D:1      | 1011 ||| DROPPING +0 leather armour.
  1012 | D:1      | 1012 ||| READING scroll labelled CASTRY BIDWO.
  1013 | D:1      | 1013 ||| READING scroll labelled GUBLEM JORU.
  1014 | D:1      | 1014 ||| READING scroll labelled WEYRRO YNYREKE.
  1015 | D:1      | 1015 ||| DROPPING scroll of butterflies.
  1070 | D:2      | Found Cadash's General Store.
  1082 | D:2      | 1082 ||| SHOPLISTING +6 arbalest "Damnation" {damnation}
                  | (880 gold, have 62).
  1082 | D:2      | 1082 ||| BUYING potion of heal wounds (55 gold).
  1082 | D:2      | Bought a potion of heal wounds for 55 gold pieces
  1135 | D:2      | 1135 ||| FLEEEEING.
  1150 | D:2      | Reached XP level 3. HP: 20/20 MP: 5/5
  1208 | D:2      | HP: 2/20 [gnoll/+0 club (4)]
  1209 | D:2      | 1209 ||| DRINKING potion of heal wounds.
  1211 | D:2      | Slain by a gnoll

Levels and vault maps discovered:
D:1:      dpeg_arrival_rooms_b, layout_basic, serial_bayou_lagoon_a,
          chequers_big_river, minmay_hedge_maze
D:2:      layout_rooms, serial_shops, nicolae_shop_just_a_little_nook,
          nicolae_wormholes

Skill      XL: |  1  2 |
---------------+-------+-----
Ranged Weapons | 6 |  6.9
Fighting       | |  1.5
Dodging        | |  2.4
Stealth        | |  1.2

Action                     || total
---------------------------++-------
   Fire: Shortbow          ||    83
    Use: Scroll            ||     3
         Potion            ||     1
 Armour: Leather armour    ||     4
         Ring mail         ||     4
  Dodge: Dodged            ||    12

Table legend:
 A = Non-vault XP
 B = Vault XP
 C = Vault XP percentage of total XP
 D = Non-vault monster count
 E = Vault monster count
 F = Vault count percentage of total count
                 A         B        C        D         E       F
            +---------+---------+-------+---------+---------+-------
      Total |      59 |       0 |   0.0 |      24 |       0 |   0.0
            +---------+---------+-------+---------+---------+-------
        D:1 |      32 |       0 |   0.0 |      17 |       0 |   0.0
        D:2 |      27 |       0 |   0.0 |       7 |       0 |   0.0
            +---------+---------+-------+---------+---------+-------
